 Dungeon Crawl Stone Soup version 0.29.0-7-g18a832c13a (webtiles) character file.

Game seed: 7818980950460477439

42 SnakkuSnakku7 the Trooper (level 3, 0/30 HPs)
             Began as a Djinni Chaos Knight on Aug 30, 2022.
             Was a Plaything of Xom.
             Killed from afar by a white imp (13 damage)
             ... with a puff of frost
             ... summoned by Natasha
             ... on level 2 of the Dungeon.
             The game lasted 00:01:23 (1067 turns).

SnakkuSnakku7 the Trooper (Djinni Chaos Knight)     Turns: 1067, Time: 00:01:23

Health: 0/30       AC:  5    Str: 11    XL:     3   Next: 80%
Gold:   65         EV: 11    Int: 15    God:    Xom [...*..] SH:  0 Dex: 12

rFire   + + .      SeeInvis .   a - +0 falchion (chaos)
rCold   x . .      Faith    .   (no shield)
rNeg    . . .      Spirit   .   b - +2 leather armour
rPois   ∞          Reflect  .   (no helmet)
rElec   .          Harm     .   (no cloak)
rCorr   .          Rampage  .   (no gloves)
Will    +....                   (boots unavailable)
Stlth   +.........              (no amulet)
HPRegen 0.10/turn               f - ring of willpower
MPRegen 0.00/turn               (no ring)

@: flying
A: sickness immunity, fire resistance 2, cold vulnerability 1, float, innate
caster, HP casting, extra vitality 1, screaming 1
a: Renounce Religion


You were on level 2 of the Dungeon.
You worshipped Xom.
You were a favourite toy of Xom.
You visited 1 branch of the dungeon, and saw 2 of its levels.

You collected 65 gold pieces.

Inventory:

Hand Weapons
 a - a +0 falchion of chaos (weapon)
Armour
 b - a +2 leather armour (worn)
Jewellery
 f - a ring of willpower (left hand)
 i - an amulet of reflection
Scrolls
 d - 3 scrolls of teleportation {unknown}
 e - a scroll of noise {unknown}
 g - a scroll of summoning {unknown}
 k - a scroll of amnesia {unknown}
 l - 2 scrolls of immolation {unknown}
Potions
 h - 2 potions of lignification {unknown}
 j - 2 potions of degeneration {unknown}
 m - a potion of attraction {unknown}
Miscellaneous
 c - a piece from Xom's chessboard (15/15) (quivered)


   Skills:
 - Level 3.0 Fighting
 - Level 2.6 Long Blades
 - Level 1.0 Armour
 - Level 2.1 Dodging
 * Level 2.2 Spellcasting


You had 5 spell levels left.
You knew the following spells:

 Your Spells              Type           Power      Damage    Failure   Level
a - Slow                  Hex            32%        N/A       11%         1
Your spell library was empty.

Dungeon Overview and Level Annotations

Branches:
Dungeon (2/15)

Altars:

Shops:
D:1 [

Annotations:
D:2 Natasha


Innate Abilities, Weirdness & Mutations

You are immune to sickness and miasma.
You are immune to poison.
Your flesh is very heat resistant. (rF++)
You are vulnerable to cold. (rC-)
You float through the air rather than walking.
You learn spells naturally, not from books.
Your magical power is your life essence.
You have superior vitality. (+4 MHP)
You occasionally shout uncontrollably at your foes.


Message History

The worm bites you but does no damage.
You slash the worm! You burn the worm.
The worm is almost dead.
You hit the worm.
You kill the worm!
No target in view!
No target in view!
You fly downwards.
Level annotation: Jessica Jessica hits you but does no damage.
There is a stone staircase leading up here.
You hit Jessica. You drain Jessica.
You kill Jessica!
Your piece from Xom's chessboard (15/15) has regained one charge.
Your Spellcasting skill increases to level 2!
You have reached level 3!
Your experience leads to an increase in your attributes!
Increase (S)trength, (I)ntelligence, or (D)exterity?
You feel clever. x2
The power to cast Slow wells up from within.
Spell assigned to 'a'.
Found a stone staircase leading down.
Found 5 stones.
Found a scale mail.
Found 5 stones.
Natasha, Servant of Life and Death comes into view.
Natasha hisses angrily.
Natasha mumbles some strange words.
Found an orange potion.
The white imp hits you. The white imp freezes you!
You feel a terrible chill!
Xom roars with laughter!
You hit Natasha but do no damage.
Natasha stares at you and mumbles some strange words.
The magic dart hits you!
The white imp hits you but does no damage.
You are too injured to fight recklessly!
The white imp gestures at you. The puff of frost hits you!
You feel a terrible chill!
You die...
Xom bursts into laughter!

## ########### ..
#.........# #.
#.........# ..
#.######.........# !...
+...............>#
.....#.##.............#
.......h@..##.........#
.###...5...........##.#
+........##.....##.##
#.[......##.#......(#
#......(.##.#.####..#
#........##.#.#.....#
..........##.#.#.##.##
...........##w#.#.##.#
.....#####.##.#.#.##.#


You could see Natasha and a white imp (summoned).

Vanquished Creatures
  Jessica (D:2)
  A worm (D:1)
  A ball python (D:1)
  2 endoplasms (D:1)
  A goblin (D:1)
  2 hobgoblins (D:1)
  A quokka (D:1)
  A bat (D:1)
  2 frilled lizards
  2 kobolds (D:1)
14 creatures vanquished.

Notes
Turn   | Place    | Note
-------+----------+-------------------------------------------
     0 | D:1      | SnakkuSnakku7 the Djinni Chaos Knight began the quest for
                  | the Orb.
     0 | D:1      | Reached XP level 1. HP: 20/20 MP: 0/0
   122 | D:1      | XOM: cloud trail
   162 | D:1      | Found a faded altar of an unknown god.
   178 | D:1      | Reached skill level 1 in Spellcasting
   178 | D:1      | Reached XP level 2. HP: 18/25 MP: 0/0
   257 | D:1      | Found Zeomuk's Antique Armour Shoppe.
   766 | D:1      | XOM: give mutation
   766 | D:1      | Gained mutation: You occasionally shout uncontrollably at
                  | your foes. [Xom's mischief]
   817 | D:2      | XOM: scenery: 1 doors open, 1 doors close
   817 | D:2      | Noticed Jessica
  1038 | D:2      | Killed Jessica
  1039 | D:2      | Reached XP level 3. HP: 30/30 MP: 0/0
  1039 | D:2      | Learned a level 1 spell: Slow
  1062 | D:2      | Noticed Natasha
  1067 | D:2      | Killed from afar by a white imp

Illustrated notes

Levels and vault maps discovered:
D:1:      tarquinn_simple_flora_water_d, layout_loops_corners, serial_shops,
          shop, chequers_ecumenical_altar_simple_redux
D:2:      layout_basic, minmay_stone_trees_small, uniq_jessica,
          uniq_crazy_yiuf_cottage, uniq_natasha, uniq_terence

Skill      XL: |  1  2 |
---------------+-------+-----
Spellcasting   | 1 2 |  2.2
Fighting       | |  3.0
Long Blades    | |  2.6
Armour         | |  1.0
Dodging        | |  2.1

Action                   || total
-------------------------++-------
Melee: Falchion          ||    49
Evoke: Piece from Xom's  ||     1
 Stab: Sleeping          ||     1
Armor: Leather armour    ||    16
Dodge: Dodged            ||    28
